[Event "Titled Tuesday Blitz November 08 Late 2022"]
[White "Annaberdiyev, Babageldi"]
[Black "Ivanisevic, Ivan"]
[WhiteFideId "14000385"]
[BlackFideId "912417"]
[WhiteElo "2570"]
[BlackElo "2788"]
[Result "0-1"]
[Round "03"]
[TimeControl "180+1"]
[Date "2022.11.09"]
[WhiteClock "0:01:06"]
[BlackClock "0:00:26"]

1. e4 c5 2. Nf3 d6 3. d4 cxd4 4. Nxd4 Nf6 5. Nc3 g6 6. Be3 Nc6 7. f3 h5 8. Qd2 Nxd4 9. Bxd4 Bh6 10. Be3 Bxe3 11. Qxe3 Be6 12. Bb5+ Kf8 13. O-O Kg7 14. Ba4 Qb6 15. Qxb6 axb6 16. Bb3 Rhc8 17. Rfd1 b5 18. Nxb5 Bxb3 19. cxb3 Rc2 20. Rdb1 h4 21. b4 h3 22. gxh3 Rh8 23. Nd4 Rc4 24. Rd1 Rxb4 25. b3 Rxh3 26. Kg2 Rh8 27. Ne2 Ra8 28. Kf2 Rb6 29. Rd3 Nd7 30. Rc3 Nc5 31. Nc1 Ra3 32. Rb1 Rc6 33. Ne2 Rxa2 34. Ke3 Na6 35. Rxc6 bxc6 36. b4 Ra3+ 37. Kf2 Ra4 38. b5 cxb5 39. Rxb5 Nc5 40. Nf4 Ra2+ 41. Kg3 Ra3 42. Kf2 Rb3 43. Rxb3 Nxb3 44. Nd5 e6 45. Nc3 Kf6 46. f4 Ke7 47. h4 Kd7 48. Kg3 Kc6 49. f5 Kc5 50. fxg6 fxg6 51. Ne2 e5 52. Kg4 Nd2 53. Ng3 Kd4 54. Kg5 Nf3+ 55. Kg4 Ke3 56. h5 gxh5+ 57. Kxh5 Kf4 58. Nf5 d5 59. exd5 Kxf5 60. d6 Ke6 61. Kg4 Nd4 62. d7 Kxd7 63. Kg3 Ke6 64. Kf2 Kf5 65. Ke3 Ne6 66. Kf3 e4+ 67. Ke3 Nf4 68. Kf2 Nd5 69. Ke2 Kf4 70. Kf2 e3+ 71. Ke2 Nc3+ 72. Ke1 Kf3 73. Kf1 Ne4 74. Ke1 Nf2 75. Kf1 e2+ 76. Ke1 Nd3+ 77. Kd2 e1=Q+ 78. Kxd3 Qe3+ 0-1


[Site "https://www.chess.com"]

[Event "Titled Tuesday Blitz November 08 Late 2022"]
[White "Antonova, Nadezhda"]
[Black "Becerra, Juan David"]
[WhiteFideId "14700182"]
[BlackFideId "4404998"]
[WhiteElo "1813"]
[BlackElo "2281"]
[Result "0-1"]
[Round "03"]
[TimeControl "180+1"]
[Date "2022.11.09"]
[WhiteClock "0:00:15"]
[BlackClock "0:01:10"]

1. Nf3 d5 2. b3 Nf6 3. Bb2 Bg4 4. e3 Nbd7 5. h3 Bh5 6. g4 Bg6 7. Nh4 c6 8. d3 Qc7 9. Nxg6 hxg6 10. Bg2 g5 11. Nd2 e6 12. Qe2 Bd6 13. c4 a5 14. a3 Ne5 15. O-O Ng6 16. cxd5 exd5 17. Rac1 O-O-O 18. b4 axb4 19. axb4 Bxb4 20. Nf3 Nxg4 21. hxg4 Nh4 22. Nxg5 Nxg2 23. Kxg2 Rh2+ 24. Kf3 Rdh8 25. Qc2 Qe7 26. Qa4 Qxg5 27. Qxb4 R8h3+ 28. Ke2 Qxe3+ 29. Kd1 Qxd3+ 30. Qd2 Qxf1+ 31. Kc2 Qxf2 32. Qxf2 Rxf2+ 0-1


[Site "https://www.chess.com"]

[Event "Titled Tuesday Blitz November 08 Late 2022"]
[White "Aqib Javaid Butt"]
[Black "Arnold, Ken"]
[WhiteFideId "7801262"]
[BlackFideId "2056836"]
[WhiteElo "1659"]
[BlackElo "2313"]
[Result "0-1"]
[Round "03"]
[TimeControl "180+1"]
[Date "2022.11.09"]
[WhiteClock "0:00:30"]
[BlackClock "0:01:16"]

1. d4 c6 2. e4 d5 3. Nc3 dxe4 4. Nxe4 Bf5 5. Ng3 Bg6 6. Nf3 Nd7 7. h4 h6 8. h5 Bh7 9. Bd3 Bxd3 10. Qxd3 Ngf6 11. Bd2 e6 12. O-O-O Qc7 13. Ne4 O-O-O 14. Kb1 Nc5 15. Nxc5 Bxc5 16. Qc4 Bd6 17. Bb4 b5 18. Qb3 Kb7 19. Rhe1 Bxb4 20. Qxb4 Nd5 21. Qd2 Nb6 22. Ne5 Rd5 23. Qf4 f6 24. Ng6 Rhd8 25. Qxc7+ Kxc7 26. Nf4 R8d7 27. Nxe6+ Kb8 28. c3 Rxh5 29. Nc5 Rd8 30. Re7 Rxc5 0-1


[Site "https://www.chess.com"]

[Event "Titled Tuesday Blitz November 08 Late 2022"]
[White "Ardila, Oscar Humberto"]
[Black "Ansh M Shah"]
[WhiteFideId "4404742"]
[BlackFideId "25033379"]
[WhiteElo "1959"]
[BlackElo "2084"]
[Result "1-0"]
[Round "03"]
[TimeControl "180+1"]
[Date "2022.11.09"]
[WhiteClock "0:00:13"]
[BlackClock "0:00:07"]

1. d4 Nf6 2. c4 e6 3. Nc3 d5 4. Nf3 Be7 5. Bg5 O-O 6. e3 c6 7. Qc2 Nbd7 8. Bd3 dxc4 9. Bxc4 b5 10. Bd3 a6 11. O-O h6 12. Bh4 Bb7 13. Ne4 Rc8 14. Bxf6 Nxf6 15. Nc5 Bxc5 16. dxc5 Nd5 17. a3 a5 18. Rfd1 Qe7 19. e4 Nf4 20. Bf1 Rfd8 21. b4 a4 22. Rxd8+ Rxd8 23. Rd1 Bc8 24. Ne5 Bb7 25. g3 Nh5 26. Bg2 Nf6 27. f4 Ne8 28. Rd2 f6 29. Nf3 Kf7 30. e5 f5 31. Qd1 Rxd2 32. Qxd2 Nc7 33. Qd6 Nd5 34. Nd4 Qxd6 35. exd6 g6 36. Bxd5 exd5 37. Nf3 Kf6 38. Kf2 g5 39. Ke3 g4 40. Ne5 Ke6 41. Kd4 Ba8 42. Nd3 Bb7 43. Nc1 Ba8 44. Ne2 h5 45. Ke3 Bb7 46. Nd4+ Kf6 47. Kf2 Ba8 48. Kg2 Bb7 49. h3 Ba8 50. hxg4 hxg4 51. Kf2 Bb7 52. Ke3 Ba8 53. Ne2 Ke6 54. Nd4+ Kf6 55. Nc2 Bb7 56. Ne1 Bc8 57. Ng2 Bb7 58. Nh4 Bc8 59. Kd4 Bd7 60. Ng2 Bc8 61. Ne3 Bb7 62. Nc2 Ba8 63. Ne1 Ke6 64. Nd3 Kf6 65. Ne5 Bb7 66. d7 Ke7 67. Nd3 Kxd7 68. Ke5 Ke7 69. Kxf5 Bc8+ 70. Ke5 Kf7 71. f5 Kg7 72. Nf4 Kf7 73. Nd3 Kg7 74. Nf2 Kh6 75. Nxg4+ Kg5 76. Ne3 d4 77. Kxd4 Bxf5 78. Ke5 Bh3 79. Kd6 Kf6 80. Kxc6 Ke5 81. Kxb5 Ke4 82. Nc2 Bf1+ 83. Kxa4 Kd3 84. Na1 Kc3 85. Ka5 Kb2 86. c6 Kxa3 87. c7 Bh3 88. b5 Kb2 89. b6 Bc8 90. Kb5 Kxa1 91. Kc6 Kb2 92. b7 Bxb7+ 93. Kxb7 1-0


[Site "https://www.chess.com"]

[Event "Titled Tuesday Blitz November 08 Late 2022"]
[White "Arencibia Monduy, Antonio"]
[Black "Hristodoulou, Panagiotis"]
[WhiteFideId "3507939"]
[BlackFideId "4214340"]
[WhiteElo "2478"]
[BlackElo "2674"]
[Result "0-1"]
[Round "03"]
[TimeControl "180+1"]
[Date "2022.11.09"]
[WhiteClock "0:00:06"]
[BlackClock "0:00:13"]

1. e4 e5 2. Bc4 Nf6 3. d3 Nc6 4. Nf3 h6 5. c3 d6 6. Bb3 g6 7. O-O Bg7 8. Re1 O-O 9. h3 a5 10. d4 Re8 11. Nbd2 Bd7 12. a4 exd4 13. cxd4 Nb4 14. e5 Nfd5 15. Nc4 Bf5 16. exd6 Rxe1+ 17. Qxe1 cxd6 18. Bd2 Bc2 19. Bxb4 Nxb4 20. Qc3 Bd3 21. Rd1 Be2 22. Re1 Bd3 23. Re3 Bf5 24. Qd2 Rc8 25. d5 h5 26. Re1 Bf6 27. Nd4 Bd3 28. Nxd6 Qxd6 29. Nb5 Bxb5 30. axb5 b6 31. g3 h4 32. g4 Kg7 33. Kg2 Rc5 34. Rd1 Rxb5 35. Ba4 Rc5 36. Bb3 Be5 37. Qe3 b5 38. Re1 a4 39. Bd1 Qxd5+ 40. Bf3 Qd4 41. Qg5 Qf4 42. Qd8 Qh2+ 43. Kf1 Qxh3+ 44. Bg2 Qxg4 45. Qe7 Qc4+ 46. Kg1 Nc6 47. Qe8 Nd4 48. Re4 Qc1+ 49. Bf1 Nf3+ 50. Kg2 Ne1+ 51. Kg1 Nf3+ 52. Kg2 Qg5+ 53. Kh3 Qf5+ 54. Rg4 Ng1+ 55. Kg2 Qxg4+ 56. Kh1 Nf3 0-1


[Site "https://www.chess.com"]

[Event "Titled Tuesday Blitz November 08 Late 2022"]
[White "Ashiku, Franc"]
[Black "Forgacs, Attila Jr."]
[WhiteFideId "4700066"]
[BlackFideId "773654"]
[WhiteElo "2619"]
[BlackElo "2440"]
[Result "0-1"]
[Round "03"]
[TimeControl "180+1"]
[Date "2022.11.09"]
[WhiteClock "0:00:11"]
[BlackClock "0:00:12"]

1. d4 Nf6 2. c4 g6 3. Nf3 Bg7 4. g3 O-O 5. Bg2 d6 6. Nc3 Nc6 7. d5 Na5 8. Nd2 c5 9. O-O a6 10. Qc2 Rb8 11. b3 b5 12. Rb1 bxc4 13. bxc4 Bd7 14. Bb2 Qc7 15. Ba1 e6 16. dxe6 fxe6 17. Rbd1 Nc6 18. Bxc6 Bxc6 19. Nce4 Nxe4 20. Bxg7 Ng5 21. h4 Nh3+ 22. Kh2 Rxf2+ 23. Rxf2 Nxf2 24. Ba1 Nxd1 25. Qxd1 Rf8 26. Nf3 Bxf3 27. exf3 Qc6 28. f4 d5 29. Be5 d4 30. h5 Qe4 31. Qb3 Qe2+ 32. Kg1 Qe1+ 33. Kh2 Qe2+ 34. Kg1 Qe3+ 35. Qxe3 dxe3 36. hxg6 hxg6 37. Kf1 Rd8 38. Ke2 Rd2+ 39. Kxe3 Rxa2 40. Bd6 Ra3+ 41. Ke4 Rxg3 42. Bxc5 Kf7 43. Bd6 a5 44. c5 Rc3 45. Kd4 Rc1 46. Kd3 Ke8 47. Kd2 Rf1 48. c6 Kd8 49. Kc2 Kc8 50. Kb3 Rd1 51. Be5 Rd5 52. Ka4 g5 53. fxg5 Rxe5 54. g6 Rg5 55. g7 Rxg7 56. Kxa5 Rc7 57. Kb6 Kd8 58. Kc5 Re7 59. Kb6 Kc8 60. Kc5 Re8 61. Kd6 e5 62. c7 e4 63. Kc6 e3 64. Kb6 e2 65. Kc6 e1=Q 0-1


[Site "https://www.chess.com"]

[Event "Titled Tuesday Blitz November 08 Late 2022"]
[White "Aung Thant Zin"]
[Black "Gasparyan, David"]
[WhiteFideId "13000063"]
[BlackFideId "13311980"]
[WhiteElo "2278"]
[BlackElo "2325"]
[Result "1-0"]
[Round "03"]
[TimeControl "180+1"]
[Date "2022.11.09"]
[WhiteClock "0:00:52"]
[BlackClock "0:00:03"]

1. e4 b6 2. d4 Bb7 3. Nc3 e6 4. Nf3 d5 5. exd5 exd5 6. Bd3 Nf6 7. O-O Be7 8. h3 O-O 9. Bf4 Nbd7 10. Re1 c5 11. Nb5 Ne4 12. c4 Ndf6 13. Nc7 Rc8 14. Nxd5 Bxd5 15. cxd5 Qxd5 16. Qe2 cxd4 17. Bxe4 Nxe4 18. Qxe4 Qxe4 19. Rxe4 Bf6 20. Rd1 Rfd8 21. Be5 d3 22. Bxf6 gxf6 23. b4 Rc2 24. Rd2 Rc1+ 25. Kh2 Rc3 26. Re3 Rc4 27. Rexd3 Rxd3 28. Rxd3 Rxb4 29. Nd4 Rb2 30. Nf5 h5 31. a3 Rxf2 32. Rg3+ Kf8 33. Nd6 Rd2 34. Ne4 Rd4 35. Nxf6 Rd6 36. Nxh5 Ke7 37. Nf4 Kd7 38. Nd3 Rd4 39. Ne5+ Ke6 40. Ng4 Ra4 41. Re3+ Kd7 42. Kg3 f5 43. Ne5+ Kc7 44. Rc3+ Kd6 45. Nf3 Ke7 46. h4 Kf6 47. Kh3 b5 48. Rb3 a6 49. Nd2 Rd4 50. Nf3 Rc4 51. g3 Re4 52. Ng5 Rc4 53. Rf3 a5 54. Kg2 a4 55. Rd3 b4 56. axb4 Rxb4 57. Ra3 Rb2+ 58. Kh3 Rb4 59. Nf3 Rc4 60. Ne1 Rd4 61. Nc2 Re4 62. Rc3 Ke5 63. Rc5+ Kf6 64. Ra5 Rc4 65. Ne3 Rd4 66. Nxf5 a3 67. Nxd4 1-0


[Site "https://www.chess.com"]

[Event "Titled Tuesday Blitz November 08 Late 2022"]
[White "Bach, Matthias"]
[Black "Przybylski, Wojciech"]
[WhiteFideId "4603168"]
[BlackFideId "1117599"]
[WhiteElo "2165"]
[BlackElo "2221"]
[Result "1-0"]
[Round "03"]
[TimeControl "180+1"]
[Date "2022.11.09"]
[WhiteClock "0:01:50"]
[BlackClock "0:01:49"]

1. d4 d5 2. c4 dxc4 3. Nf3 Nf6 4. g3 Bg4 5. Ne5 Be6 6. Bg2 c6 7. O-O Nbd7 8. Bf4 Nxe5 9. Bxe5 g6 10. Nc3 Bg7 11. a4 O-O 12. a5 Nd5 13. Bxg7 Kxg7 14. e4 Nxc3 15. bxc3 f5 16. f4 fxe4 17. Bxe4 Bd5 18. Re1 e6 19. Qg4 Rf7 20. Re3 Qf6 21. Rae1 b5 22. Bxd5 exd5 23. Re6 Qd8 24. Rxc6 Qxa5 25. Ree6 Qxc3 26. Rxg6+ Kh8 27. Rc8+ Rf8 28. Rg8+ 1-0


[Site "https://www.chess.com"]

[Event "Titled Tuesday Blitz November 08 Late 2022"]
[White "Banzea, Alexandru-Bogdan"]
[Black "Milikow, Yoav"]
[WhiteFideId "1232622"]
[BlackFideId "2822237"]
[WhiteElo "2294"]
[BlackElo "2341"]
[Result "0-1"]
[Round "03"]
[TimeControl "180+1"]
[Date "2022.11.08"]
[WhiteClock "0:00:05"]
[BlackClock "0:00:58"]

1. d4 d5 2. Nf3 Nf6 3. Bf4 e6 4. e3 c5 5. Nbd2 Nc6 6. c3 cxd4 7. exd4 Nh5 8. Be3 Bd6 9. Ne5 g6 10. Nd3 O-O 11. g3 b6 12. Bg2 Ba6 13. Nf3 Na5 14. O-O Nc4 15. Bh6 Ng7 16. Re1 Re8 17. Rb1 Nf5 18. Bf4 Bf8 19. Nfe5 Ncd6 20. h4 h5 21. Qa4 Bb5 22. Qd1 Rc8 23. Rc1 a5 24. b3 Ba6 25. Nb2 Nb5 26. Qd2 Rxc3 27. Rxc3 Nxc3 28. Nc6 Qa8 29. Qxc3 Rc8 30. Rc1 Bb7 31. Qd2 Rxc6 32. Rxc6 Bxc6 33. Be5 Qd8 34. Bh3 Nd6 35. f3 Nb5 36. Nd3 Qe7 37. Qf4 Nc3 38. Bf6 Ne2+ 39. Kf2 Nxf4 0-1


[Site "https://www.chess.com"]

[Event "Titled Tuesday Blitz November 08 Late 2022"]
[White "Barria Zuniga, Daniel"]
[Black "Reprintsev, Alexander"]
[WhiteFideId "3400816"]
[BlackFideId "14100541"]
[WhiteElo "2627"]
[BlackElo "2449"]
[Result "0-1"]
[Round "03"]
[TimeControl "180+1"]
[Date "2022.11.09"]
[WhiteClock "0:00:09"]
[BlackClock "0:00:57"]

1. d4 d5 2. c4 e5 3. dxe5 d4 4. Nf3 Nc6 5. g3 Nge7 6. Bg2 Ng6 7. O-O Ngxe5 8. Nxe5 Nxe5 9. Na3 Bxa3 10. bxa3 O-O 11. e3 dxe3 12. Bxe3 Nxc4 13. Bc5 Qxd1 14. Rfxd1 Re8 15. Rac1 Nb6 16. Bxb6 axb6 17. Rxc7 Rxa3 18. Rdc1 Be6 19. Rxb7 Rxa2 20. Rxb6 h5 21. Rcb1 Kh7 22. Re1 Rd8 23. Bf3 Rdd2 24. Rbxe6 fxe6 25. Rxe6 Rxf2 26. Bxh5 Rg2+ 27. Kf1 Raf2+ 28. Ke1 Rxh2 29. Bg6+ Kh6 30. Bd3+ Rf6 31. Re8 Kg5 32. Re5+ Kg4 33. Be2+ Kxg3 34. Rg5+ Kf4 35. Rxg7 Re6 36. Rg4+ Kf5 0-1


[Site "https://www.chess.com"]

[Event "Titled Tuesday Blitz November 08 Late 2022"]
[White "Baskakov, Egor"]
[Black "Ezat, Mohamed"]
[WhiteFideId "24197866"]
[BlackFideId "10600906"]
[WhiteElo "2792"]
[BlackElo "2514"]
[Result "1-0"]
[Round "03"]
[TimeControl "180+1"]
[Date "2022.11.09"]
[WhiteClock "0:00:19"]
[BlackClock "0:00:02"]

1. e4 e5 2. Nc3 Nf6 3. g3 d5 4. exd5 Nxd5 5. Bg2 Nxc3 6. bxc3 Bc5 7. d3 O-O 8. Ne2 Nd7 9. O-O Nf6 10. h3 Be6 11. c4 c6 12. Be3 Qe7 13. Qd2 Rad8 14. Rab1 Rd7 15. Qa5 Bxe3 16. fxe3 e4 17. Nf4 a6 18. Qe5 Re8 19. Nxe6 Qxe6 20. Qxe6 Rxe6 21. d4 Re8 22. Rb6 Ree7 23. Rfb1 g6 24. Kf2 h5 25. a4 Rc7 26. c5 Nd5 27. R6b3 f5 28. c4 Nf6 29. h4 Red7 30. Bh3 Kg7 31. Ke2 Re7 32. Kd2 Red7 33. Kc3 Re7 34. Kb4 Red7 35. Ka5 Ng8 36. Kb6 Ne7 37. Ka5 Kf6 38. Bf1 Kg7 39. Be2 Kf6 40. Rd1 Kg7 41. Rb2 Kf6 42. Rbd2 Rc8 43. Rb1 Rcc7 44. Bd1 Rc8 45. Bb3 Rcd8 46. Rbd1 Rc8 47. Kb6 Rcd8 48. d5 Ke5 49. d6 Nc8+ 50. Ka5 b6+ 51. cxb6 Nxd6 52. Rxd6 Rxd6 53. Rxd6 Kxd6 54. Kxa6 Kc5 55. b7 Kb4 56. a5 Kxb3 57. Kb6 1-0


[Site "https://www.chess.com"]

[Event "Titled Tuesday Blitz November 08 Late 2022"]
[White "Beerdsen, Thomas"]
[Black "Moskvin, Anatoly"]
[WhiteFideId "1030108"]
[BlackFideId "24199990"]
[WhiteElo "2567"]
[BlackElo "2079"]
[Result "0-1"]
[Round "03"]
[TimeControl "180+1"]
[Date "2022.11.08"]
[WhiteClock "0:00:28"]
[BlackClock "0:00:06"]

1. g4 e5 2. Bg2 d6 3. c4 h5 4. gxh5 Rxh5 5. d4 exd4 6. Qxd4 Nc6 7. Qd2 Be6 8. b3 Be7 9. Nf3 Bf6 10. Nc3 Nge7 11. Bb2 Qd7 12. Ne4 Bxb2 13. Qxb2 f6 14. O-O-O O-O-O 15. Rhg1 Rdh8 16. e3 Qe8 17. Rxd6 Bf5 18. Nfd2 Bxe4 19. Nxe4 f5 20. Rxc6 Nxc6 21. Nc5 f4 22. Ne4 Rxh2 23. Qxg7 fxe3 24. fxe3 Kb8 25. Qc3 a6 26. Bf3 Ne5 27. Nf6 Qe7 28. Qxe5 Qa3+ 29. Kd1 Qxa2 30. Nd7+ Kc8 31. Bxb7+ Kxb7 32. Nc5+ Kb8 33. Nd7+ Kc8 34. Nb6+ Kb7 35. Qd5+ Ka7 36. Nc8+ Kb8 37. Qd4 Qc2+ 38. Ke1 Qe2# 0-1


[Site "https://www.chess.com"]

[Event "Titled Tuesday Blitz November 08 Late 2022"]
[White "Bibilashvili, Lali"]
[Black "Zeman, Matyas"]
[WhiteFideId "13604236"]
[BlackFideId "364398"]
[WhiteElo "1819"]
[BlackElo "2254"]
[Result "0-1"]
[Round "03"]
[TimeControl "180+1"]
[Date "2022.11.09"]
[WhiteClock "0:00:18"]
[BlackClock "0:00:18"]

1. c4 e6 2. b3 d5 3. Bb2 Nf6 4. Nf3 Be7 5. g3 O-O 6. Bg2 c5 7. O-O d4 8. a3 a5 9. d3 Nc6 10. Nbd2 e5 11. Ne1 Bf5 12. e4 dxe3 13. fxe3 Bxd3 14. Nxd3 Qxd3 15. Qe1 Ng4 16. e4 Ne3 17. Rf3 Nxg2 18. Kxg2 Qd7 19. Qe3 Nd4 20. Bxd4 cxd4 21. Qe2 f6 22. Rf5 g6 23. Rff1 Bd6 24. Nf3 Rae8 25. Qc2 f5 26. c5 Bc7 27. Qc4+ Kh8 28. Ng5 h6 29. Nf3 fxe4 30. Nh4 Kg7 31. Qe2 Qd5 32. Qg4 e3+ 33. Kg1 Qc6 34. Nf5+ Kh7 35. Nh4 e4 36. b4 axb4 37. axb4 g5 38. Nf5 Qe6 39. Ra7 e2 40. Qxe2 Rxf5 41. Rxb7 Rxf1+ 42. Qxf1 Re7 43. b5 Qd5 44. c6 e3 45. Qf8 Rf7 46. Qc8 e2 47. Qe8 Rf1# 0-1


[Site "https://www.chess.com"]

[Event "Titled Tuesday Blitz November 08 Late 2022"]
[White "Bilan, Danila"]
[Black "Svane, Frederik"]
[WhiteFideId "24161918"]
[BlackFideId "12923044"]
[WhiteElo "2522"]
[BlackElo "2844"]
[Result "0-1"]
[Round "03"]
[TimeControl "180+1"]
[Date "2022.11.09"]
[WhiteClock "0:00:02"]
[BlackClock "0:01:30"]

1. d4 Nf6 2. Nf3 e6 3. g3 d5 4. Bg2 c5 5. c4 cxd4 6. Nxd4 e5 7. Nf3 d4 8. O-O Nc6 9. Bg5 Be7 10. Nbd2 O-O 11. a3 a5 12. b4 axb4 13. axb4 Rxa1 14. Qxa1 Bxb4 15. Ne4 Be7 16. Bxf6 gxf6 17. e3 f5 18. Ned2 dxe3 19. fxe3 e4 20. Nd4 Bg5 21. Nxc6 Qxd2 22. Na7 Be6 23. Kh1 Rd8 24. Qa4 Ra8 0-1


[Site "https://www.chess.com"]

[Event "Titled Tuesday Blitz November 08 Late 2022"]
[White "Bluebaum, Matthias"]
[Black "Goryachkina, Aleksandra"]
[WhiteFideId "24651516"]
[BlackFideId "4147103"]
[WhiteElo "2633"]
[BlackElo "2484"]
[Result "1-0"]
[Round "03"]
[TimeControl "180+1"]
[Date "2022.11.08"]
[WhiteClock "0:00:17"]
[BlackClock "0:00:04"]

1. d4 Nf6 2. c4 e6 3. Nc3 d5 4. cxd5 exd5 5. Bg5 c6 6. e3 Be7 7. Bd3 Nbd7 8. h3 Nf8 9. Nf3 Ne6 10. Bh4 O-O 11. Qc2 g6 12. O-O Ng7 13. Bxf6 Bxf6 14. b4 a6 15. a4 Bf5 16. b5 axb5 17. axb5 Rxa1 18. Rxa1 Bxd3 19. Qxd3 Nf5 20. bxc6 bxc6 21. Qa6 c5 22. Nxd5 Bxd4 23. Nxd4 Qxd5 24. Nf3 c4 25. Rc1 Nd6 26. Qa4 Qc5 27. Qd7 c3 28. Nd4 Ne4 29. Qa4 Rc8 30. Ne2 Qe5 31. Qa6 Rc7 32. Nd4 Kg7 33. Qb6 Rc8 34. Qb7 Nd6 35. Qb4 Ne4 36. f3 Qg3 37. Ne6+ fxe6 38. Qxe4 Qd6 39. Rc2 Qc6 40. Qe5+ Kf7 41. Qd4 Qc5 42. Qd7+ Kg8 43. Qxe6+ Kg7 44. Kh1 Rc7 45. h4 Re7 46. Rxc3 Rxe6 47. Rxc5 Rxe3 48. Kh2 Re7 49. Kg3 Rd7 50. Kg4 h5+ 51. Kg5 Re7 52. Rc6 Re5+ 53. Kf4 Rf5+ 54. Ke4 Ra5 55. Rc4 Rb5 56. Kf4 Kf6 57. Rc6+ Kg7 58. Re6 Rb4+ 59. Re4 Rb5 60. Re5 Rb4+ 61. Kg5 Rb7 62. g3 Rc7 63. f4 Rc3 64. Re7+ Kf8 65. Ra7 Rxg3+ 66. Kf6 Kg8 67. Rg7+ Kf8 68. Rxg6 Rh3 69. Rh6 Rxh4 70. Rh8# 1-0


[Site "https://www.chess.com"]

[Event "Titled Tuesday Blitz November 08 Late 2022"]
[White "Bogaudinov, Rushan"]
[Black "Papayan, Oleg"]
[WhiteFideId "4129288"]
[BlackFideId "4193911"]
[WhiteElo "1997"]
[BlackElo "2153"]
[Result "1-0"]
[Round "03"]
[TimeControl "180+1"]
[Date "2022.11.09"]
[WhiteClock "0:00:17"]
[BlackClock "0:00:04"]

1. e4 e5 2. Nc3 Nf6 3. g3 Nc6 4. Bg2 Bc5 5. d3 O-O 6. h3 a6 7. Nge2 Nd4 8. O-O c6 9. Kh2 d5 10. f4 exf4 11. Nxf4 dxe4 12. dxe4 Ne6 13. Nd3 Bd4 14. Bd2 Re8 15. Qf3 Bxc3 16. Bxc3 Ng5 17. Qf4 Nh5 18. Qf2 Qe7 19. Rae1 Ne6 20. g4 Nf6 21. Bxf6 gxf6 22. Qxf6 Qxf6 23. Rxf6 Nd4 24. Rf2 Be6 25. Nc5 b6 26. Nxe6 Nxe6 27. e5 Rac8 28. Rd2 c5 29. Rd6 Rb8 30. c3 a5 31. Kg3 Kf8 32. Bd5 Nc7 33. Bc6 Re7 34. Kf4 Ne6+ 35. Kf5 Ng7+ 36. Kf6 Ne8+ 37. Bxe8 Kxe8 38. e6 fxe6 39. Rexe6 Rxe6+ 40. Rxe6+ Kf8 41. Rc6 a4 42. a3 Rb7 43. Rc8# 1-0


[Site "https://www.chess.com"]

[Event "Titled Tuesday Blitz November 08 Late 2022"]
[White "Bortnyk, Olexandr"]
[Black "Yuan, Qingyu"]
[WhiteFideId "14120828"]
[BlackFideId "8609772"]
[WhiteElo "2723"]
[BlackElo "2359"]
[Result "1-0"]
[Round "03"]
[TimeControl "180+1"]
[Date "2022.11.08"]
[WhiteClock "0:00:38"]
[BlackClock "0:00:06"]

1. e4 c6 2. d4 d5 3. Nc3 dxe4 4. Nxe4 Nf6 5. Nxf6+ exf6 6. c3 Bd6 7. Bd3 O-O 8. Qc2 Re8+ 9. Ne2 h5 10. O-O h4 11. Nf4 Nd7 12. Qd1 Qc7 13. g3 Nf8 14. Qh5 Qd7 15. Bc4 b5 16. Bb3 a5 17. a3 a4 18. Ba2 Ra7 19. Be3 Qg4 20. Qxg4 Bxg4 21. d5 c5 22. gxh4 Bf3 23. Rae1 Rae7 24. Ng2 Nd7 25. c4 b4 26. Bb1 b3 27. Bf5 Ne5 28. Rc1 g6 29. Bb1 Ng4 30. Bf4 Bxg2 31. Bxd6 Bxf1 32. Bxe7 Bxc4 33. Bxc5 Bxd5 34. Bd3 Rc8 35. f4 f5 36. h3 Nf6 37. Be3 Rxc1+ 38. Bxc1 Bc6 39. Kf2 Kf8 40. Ke3 Ke7 41. Kd4 Kd6 42. Bd2 Nd5 43. Bc4 Ne7 44. Bxf7 Be4 45. Bb4+ Kd7 46. Bxe7 Kxe7 47. Bxg6 Kf6 48. h5 Bc6 49. Bh7 Be8 50. h6 Kf7 51. Bxf5 Kf6 52. Bd3 Bc6 53. h4 Be8 54. Kc5 Kf7 55. Bb5 Bxb5 56. Kxb5 Kg6 57. Kxa4 Kxh6 58. Kxb3 Kh5 59. a4 Kxh4 60. a5 Kg3 61. a6 Kxf4 62. a7 Ke3 63. a8=Q Kd2 64. Qg2+ Ke1 65. Kc3 Kd1 66. Qd2# 1-0


[Site "https://www.chess.com"]

[Event "Titled Tuesday Blitz November 08 Late 2022"]
[White "Chernomordik, Pavel"]
[Black "Maze, Sebastien"]
[WhiteFideId "2804530"]
[BlackFideId "613762"]
[WhiteElo "2461"]
[BlackElo "2651"]
[Result "0-1"]
[Round "03"]
[TimeControl "180+1"]
[Date "2022.11.09"]
[WhiteClock "0:01:20"]
[BlackClock "0:00:38"]

1. e4 c5 2. Nc3 a6 3. g3 b5 4. Bg2 Bb7 5. f4 e6 6. Qe2 Nc6 7. d3 Nd4 8. Qf2 Ne7 9. Nf3 Nec6 10. O-O h5 11. f5 Nxf3+ 12. Bxf3 Nd4 13. fxe6 dxe6 14. Bxh5 Kd7 15. Bxf7 Bd6 16. Be3 Be5 17. Ne2 Nxc2 18. Bxc5 Nxa1 19. Rxa1 Qf6 20. d4 Qxf2+ 21. Kxf2 Rxh2+ 22. Ke3 Bd6 23. Nf4 Bxf4+ 24. Kxf4 Rf2+ 0-1


[Site "https://www.chess.com"]

[Event "Titled Tuesday Blitz November 08 Late 2022"]
[White "Chigaev, Maksim"]
[Black "Taboas Rodriguez, Daniel"]
[WhiteFideId "4108116"]
[BlackFideId "2208466"]
[WhiteElo "2541"]
[BlackElo "2329"]
[Result "1/2-1/2"]
[Round "03"]
[TimeControl "180+1"]
[Date "2022.11.08"]
[WhiteClock "0:00:06"]
[BlackClock "0:00:07"]

1. Nf3 Nf6 2. c4 b6 3. g3 Bb7 4. Bg2 g6 5. O-O Bg7 6. d4 O-O 7. Qc2 c5 8. d5 b5 9. Nc3 b4 10. Na4 d6 11. Rb1 a5 12. e4 Nbd7 13. h3 Nb6 14. Nxb6 Qxb6 15. e5 Nd7 16. exd6 exd6 17. Bf4 Rfe8 18. Rfe1 Ba6 19. b3 Qc7 20. Re2 Rxe2 21. Qxe2 Nf6 22. Re1 Bf8 23. Qb2 Bg7 24. Qd2 Re8 25. g4 Bf8 26. Rxe8 Nxe8 27. Qe3 Qd8 28. Bg5 f6 29. Bf4 Bc8 30. Nd2 Qe7 31. Ne4 Kf7 32. Qg3 Bd7 33. h4 a4 34. Kf1 a3 35. h5 Bc8 36. hxg6+ hxg6 37. Qf3 Kg7 38. Qe2 f5 39. gxf5 Bxf5 40. Bf3 Bxe4 41. Qxe4 Qxe4 42. Bxe4 Be7 43. Ke2 Bf6 44. Bg2 Be5 45. Bg5 Bf6 46. Be3 Be5 47. f4 Bf6 48. Kf3 Bc3 49. Bh3 Nf6 50. Be6 Nh5 51. Bc1 Kf6 52. Be3 Ng7 53. Ke4 Nxe6 54. dxe6 Kxe6 55. Bf2 Bb2 56. Bh4 Bg7 57. Bd8 Bh6 58. Bh4 Bg7 59. Bf2 Bh8 60. Be3 Bc3 61. Bf2 Bb2 62. Bh4 Bf6 63. Bg3 Be7 64. Bh2 Bd8 65. Bg3 Bf6 66. Be1 Be7 67. Bf2 Bd8 68. Be3 Bh4 69. Bg1 Be1 70. Be3 Bc3 1/2-1/2


[Site "https://www.chess.com"]

[Event "Titled Tuesday Blitz November 08 Late 2022"]
[White "Chlpik, Martin"]
[Black "Boruchovsky, Avital"]
[WhiteFideId "14923351"]
[BlackFideId "2800055"]
[WhiteElo "2067"]
[BlackElo "2796"]
[Result "0-1"]
[Round "03"]
[TimeControl "180+1"]
[Date "2022.11.09"]
[WhiteClock "0:00:06"]
[BlackClock "0:01:22"]

1. d4 Nf6 2. Nc3 d5 3. Bf4 e6 4. e3 a6 5. g4 c5 6. g5 Nfd7 7. Nf3 Nc6 8. h4 Qb6 9. a3 Qa7 10. Qd2 b5 11. Bxb5 axb5 12. Nxb5 Qa5 13. Nc7+ Kd8 14. Nxa8 Qxa8 15. O-O-O c4 16. e4 Bxa3 17. c3 Na5 18. Kb1 Nb3 19. Qe3 Be7 20. exd5 Qxd5 21. Ne5 Rf8 22. h5 f6 23. gxf6 gxf6 24. Nf3 Bb7 25. Rh3 Qf5+ 26. Ka2 Qxh3 27. Qxe6 Qxe6 0-1


[Site "https://www.chess.com"]

[Event "Titled Tuesday Blitz November 08 Late 2022"]
[White "Chojnacki, Slawomir"]
[Black "Aghasiyev, Kamal"]
[WhiteFideId "1117076"]
[BlackFideId "13402854"]
[WhiteElo "2455"]
[BlackElo "2632"]
[Result "0-1"]
[Round "03"]
[TimeControl "180+1"]
[Date "2022.11.09"]
[WhiteClock "0:01:26"]
[BlackClock "0:02:11"]

1. d4 d5 2. Nf3 Nf6 3. c3 g6 4. Bg5 Bg7 5. Nbd2 O-O 6. e3 b6 7. Bd3 Bb7 8. O-O c5 9. Ne5 Nbd7 10. f4 Qc7 11. h3 e6 12. Rc1 Ne4 13. Nxd7 Qxd7 14. Nxe4 dxe4 15. Be2 Rac8 16. dxc5 Qc7 17. Qd6 Qxc5 18. Qxc5 bxc5 19. Rfd1 Bd5 20. b3 c4 21. bxc4 Bxc4 22. Bxc4 Rxc4 23. Rd7 Rb8 24. Rxa7 Bf8 25. Bf6 Bc5 26. Kf2 Bxa7 0-1


[Site "https://www.chess.com"]